 Dungeon Crawl Stone Soup version 0.18.1-6-gd335043 (webtiles) character file.

264 Shtopit the Covered (level 5, -3/42 HPs)
             Began as a Demonspawn Fighter on May 20, 2016.
             Slain by a giant frog (5 damage)
             ... in a sewer.
             The game lasted 00:08:32 (3678 turns).

Shtopit the Covered (Demonspawn Fighter)            Turns: 3678, Time: 00:08:33

Health: -3/42      AC:  7    Str: 16    XL:     5   Next: 98%
Magic:  5/5        EV:  8    Int: 10    God:
Gold:   54         SH:  9    Dex: 15    Spells: 0 memorised, 4 levels left

rFire  + . .     SeeInvis .     a - +0 long sword
rCold  . . .     Gourm    .     b - +0 scale mail
rNeg   . . .     Faith    .     c - +0 shield
rPois  .         Spirit   .     (no helmet)
rElec  .         Dismiss  .     (no cloak)
rCorr  .         Reflect  .     (no gloves)
SustAt .         Harm     .     (no boots)
MR     .....                    (no amulet)
Stlth  +.........               (no ring)
                                (no ring)

@: flying, not resistant to hostile enchantments, very unstealthy
A: thin skeletal structure 1, fire resistance 1
a: no special abilities


You were in a sewer.
You were not hungry.

You visited 1 branch of the dungeon, and saw 3 of its levels.
You also visited: Sewer.

You collected 54 gold pieces.

Inventory:

Hand Weapons
 a - a +0 long sword (weapon)
Missiles
 n - 29 bolts
Armour
 b - a +0 scale mail (worn)
 c - a +0 shield (worn)
Wands
 m - a wand of confusion (13/48)
Potions
 d - a potion of might
 j - a potion of degeneration
 l - a potion of flight
Comestibles
 f - a bread ration
 g - 2 chunks of flesh
 h - 2 fruits


   Skills:
 + Level 3.7 Fighting
 + Level 2.5 Long Blades
 + Level 3.9 Armour
 + Level 1.9 Dodging
 - Level 0.2 Stealth
 + Level 3.9 Shields
 + Level 0.2 Evocations


You had 4 spell levels left.
You didn't know any spells.

Dungeon Overview and Level Annotations

Branches:
Dungeon (3/15)

Altars:

Annotations:
D:3 Sigmund


Innate Abilities, Weirdness & Mutations

You have a somewhat thin skeletal structure (Dex +2, Stealth).
Your flesh is heat resistant.


Message History

You don't have any such object.
Drink which item? (? for menu, Esc to quit)
You don't have any such object.
Drink which item? (? for menu, Esc to quit)
It was a potion of flight.
You feel very buoyant.
You fly up into the air.
The giant frog hits you but does no damage.
Zapping:
m - a wand of confusion (14/48)
Press: ? - help, Shift-Dir - straight line, f/p - giant frog
Aim: a giant frog (lightly wounded, chance to defeat MR: 46%)
The giant frog appears confused.
This wand has 13 charges left.
You hit the giant frog.
The giant frog is moderately wounded.
You hit the giant frog.
The giant frog is moderately wounded.
You hit the giant frog.
The giant frog is heavily wounded.
The giant frog hits you.
You die...

##≈≈≈≈.####≈≈.≈÷≈≈####≈≈.≈.##
##≈≈≈≈###≈≈≈≈≈≈.÷≈≈≈.≈###≈≈≈≈##
#≈≈≈≈##≈≈≈≈.#######.≈÷≈≈##≈.≈≈#
#≈≈≈##≈≈≈≈###≈≈≈≈≈###≈≈.≈##.≈.##
.≈≈≈#≈≈≈≈##≈≈≈..≈≈≈≈##≈≈≈≈#.≈≈≈#
≈≈≈##≈≈≈##≈≈≈..≈≈.≈≈≈##≈≈.##.≈≈#
≈≈≈#...≈#≈≈≈.!$[.≈≈.≈≈#.≈.≈#≈≈≈#
.≈≈#.≈≈≈#≈≈.?$....≈.≈≈#.≈≈≈#.≈≈#
≈≈.#≈≈≈≈#†≈≈≈.≈≈@F≈≈≈≈#≈≈≈≈#.≈≈#
≈≈≈##≈≈≈#≈...≈≈≈≈.≈≈≈##.≈.##.≈≈#
≈≈≈.#≈≈≈#.≈.≈≈≈.≈≈≈≈##≈≈≈≈#....#
#≈≈≈##≈≈##≈≈#.≈≈≈≈###≈≈≈.##≈≈≈##
#≈.≈.##≈≈#≈≈#######≈÷..≈##≈≈.≈#
##≈≈.≈#≈≈##≈..≈≈≈≈≈≈≈≈###≈.≈.##
##.≈≈≈.≈≈#..≈≈≈≈≈≈####≈≈≈≈.##
####...#######≈∩≈#≈≈≈.≈≈.##
##≈.#≈.≈≈≈#####≈..≈#####


You could see a giant frog (confused).

Vanquished Creatures
  A giant frog (Sewer)
  6 adders
  A river rat (D:3)
  10 oozes (Sewer)
  A worm (D:2)
  A dart slug (D:1)
  6 giant geckos
  12 giant cockroaches
  3 hobgoblins (D:1)
  4 jackals (D:1)
  2 quokkas (D:2)
  14 ball pythons
  8 bats
  12 giant newts
  9 goblins
  4 kobolds
  10 rats
104 creatures vanquished.

Notes
Turn   | Place    | Note
--------------------------------------------------------------
     0 | D:1      | Shtopit the Demonspawn Fighter began the quest for the Orb.
     0 | D:1      | Reached XP level 1. HP: 18/18 MP: 1/1
   258 | D:1      | Gained mutation: Your flesh is heat resistant. [demonic ancestry]
   258 | D:1      | Reached XP level 2. HP: 24/24 MP: 2/2
   845 | D:1      | Reached XP level 3. HP: 21/29 MP: 3/3
  2183 | D:2      | Reached XP level 4. HP: 35/35 MP: 4/4
  2214 | D:3      | Noticed Sigmund
  2304 | D:3      | Found a glowing drain.
  2342 | Sewer    | Entered a sewer
  2500 | Sewer    | Reached skill level 1 in Dodging
  2858 | Sewer    | Gained mutation: You have a somewhat thin skeletal structure (Dex +2, Stealth). [demonic ancestry]
  2858 | Sewer    | Reached XP level 5. HP: 18/41 MP: 5/5
  3148 | Sewer    | HP: 2/41 [poisoned by an adder]
  3670 | Sewer    | HP: 2/42 [giant frog (6)]
  3678 | Sewer    | Slain by a giant frog

Skill      XL: |  1  2  3  4 |
---------------+-------------+-----
Long Blades    | 2 |  2.5
Shields        | 3 |  3.9
Armour         | 3 |  3.9
Dodging        | 1 |  1.9
Fighting       | |  3.7
Stealth        | |  0.2
Evocations     | |  0.2

Action                   |  1- 3 |  4- 6 || total
-------------------------+-------+-------++-------
Melee: Long sword        |   159 |   224 ||   383
Evoke: Wand              |       |     8 ||     8
  Use: Scroll            |       |     5 ||     5
       Potion            |       |     2 ||     2
 Stab: Confused          |       |     1 ||     1
  Eat: Chunk             |     3 |     6 ||     9
       Fruit             |       |     1 ||     1
Armor: Scale mail        |    97 |   132 ||   229
Dodge: Dodged            |    46 |   114 ||   160
Block: Shield            |    78 |   179 ||   257
